cohdb
Replays
Latest Replays
All Replays
Popular Replays
Top Player Replays
Match Explorer
How It Works
Community
CoH3 Stats
Reddit
Sign in to upload your games and track your stats! →
Sign in with Steam
Match 39586958
Unlisted
Match 39586958
Overview
Messages
Build Orders
End
Pioneer Squad
Construct Infanterie Kompanie
MG 42 Machine Gun Team
Grenadier Squad
Construct Luftwaffe Kompanie
Jäger Squad
Jäger Squad
Support Elements
Wirbelwind Flakpanzer
Luftwaffe Officer Quarters
Marder III M Tank Destroyer
Wirbelwind Flakpanzer
Marder III M Tank Destroyer
Medical Bunker
Selects Terror Battlegroup
Selects Terror Battlegroup
Selects Contempt for the Weak
Selects Jericho Trumpet
Kanade
恐虐座下第一小恐龙
楚云飞
子清
爱玩原农锤的素食女权主义跨性别黑人男同
cocopang
HackerBlack_Sunday
naru
0
0
Comments
sign in to comment!
No comments posted yet!